 Dungeon Crawl Stone Soup version 0.27.0-1-g7a089689b8 (webtiles) character file.

Game seed: 674705637370765349

1516 rdtalon the Cudgeller (level 8, -2/80 HPs)
             Began as a Troll Berserker on Aug 7, 2021.
             Was an Elder of Trog.
             Killed from afar by an orc wizard (4 damage)
             ... with a magic dart
             ... on level 6 of the Dungeon.
             The game lasted 00:30:08 (5481 turns).

rdtalon the Cudgeller (Troll Berserker)             Turns: 5481, Time: 00:30:09

Health: -2/80      AC:  5    Str: 24 (26) XL:     8   Next: 53%
Magic:  7/7        EV: 11    Int:  1 (3)  God:    Trog [****..]
Gold:   376        SH:  0    Dex: 10 (11) Spells: 7/7 levels left

rFire    . . .     SeeInvis .   i - +0 flail
rCold    . . .     Faith    .   (no shield)
rNeg     . . .     Spirit   .   b - +0 animal skin
rPois    .         Reflect  .   (helmet restricted)
rElec    .         Harm     .   E - +0 cloak
rCorr    .         Rampage  .   (gloves unavailable)
Will     .....                  (boots unavailable)
Stlth    +.........             (no amulet)
HPRegen  1.23/turn              (no ring)
MPRegen  0.10/turn              (no ring)

@: confused, lethally poisoned (-2 -> -19)
A: large, unfitting armour, claws 3, regeneration 1, shaggy fur 1, tough skin 1
a: Renounce Religion, Berserk, Trog's Hand, Brothers in Arms


You were on level 6 of the Dungeon.
You worshipped Trog.
Trog was greatly pleased with you.
You visited 1 branch of the dungeon, and saw 7 of its levels.
You also visited: Sewer.

You collected 396 gold pieces.
You spent 20 gold pieces at shops.

Inventory:

Hand Weapons
 i - a +0 flail (weapon)
 n - a +0 whip of holy wrath
Missiles
 l - 6 boomerangs of dispersal
 o - 4 silver javelins
 s - a curare-tipped dart
 t - 29 poisoned darts
 H - 8 boomerangs (quivered)
 J - 2 throwing nets
Armour
 b - a +0 animal skin (worn)
 E - a +0 cloak (worn)
Jewellery
 m - a ring of protection from cold
 M - a ring of poison resistance
 N - an amulet of the acrobat
Wands
 w - a wand of polymorph (9)
 O - a wand of acid (5)
 P - a wand of iceblast (9)
Scrolls
 a - 9 scrolls of noise
 c - 8 scrolls of teleportation {unknown}
 d - 4 scrolls of identify {unknown}
 k - a scroll of amnesia {unknown}
 p - 2 scrolls of holy word {unknown}
 v - a scroll of summoning {unknown}
 x - a scroll of fog {unknown}
 y - a scroll of vulnerability {unknown}
 A - 2 scrolls of enchant armour {unknown}
 B - a scroll of acquirement {unknown}
 C - 2 scrolls of immolation {unknown}
 D - a scroll of blinking {unknown}
 F - a scroll of fear {unknown}
 I - 2 scrolls of magic mapping {unknown}
 L - a scroll of torment {unknown}
Potions
 e - a potion of degeneration
 f - 3 potions of mutation {unknown}
 g - 3 potions of brilliance {unknown}
 h - a potion of ambrosia {unknown}
 j - 2 potions of cancellation {unknown}
 q - 4 potions of heal wounds {unknown}
 r - a potion of magic {unknown}
 u - 2 potions of haste {unknown}
 z - 3 potions of curing {unknown}
 G - 2 potions of lignification {unknown}
 K - a potion of berserk rage


   Skills:
 + Level 5.0 Fighting
 * Level 7.3 Maces & Flails
 - Level 1.7 Throwing
 + Level 5.0 Dodging


You had 7 spell levels left.
You didn't know any spells.
Your spell library was empty.

Dungeon Overview and Level Annotations

Branches:
Dungeon (7/15)             Temple (0/1) D:6           Sewer (visited)

Altars:
Elyvilon
Hepliaklqana
Trog
Yredelemnul

Shops:
D:4 *


Innate Abilities, Weirdness & Mutations

You are too large for most types of armour.
You have claws for hands.
Your natural rate of healing is unusually fast.
You are covered in fur. (AC +1)
You have tough skin. (AC +1)


Message History

You are more poisoned.
Deactivating autopickup; reactivate with Ctrl-A.
The orc wizard barely misses you.
You hit the orc wizard but do no damage.
The orc wizard is severely wounded.
You feel very sick. Something hits you.
You are more poisoned.
The orc wizard casts a spell at you.
You are confused.
You are too confused!
You are too injured to fight recklessly!
You feel very sick.
You hear some strange, mumbled words.
Something tries to affect you, but you resist.
The orc wizard points at you and mumbles some strange words.
The puff of flame hits you.
You feel very sick. Something hits you.
* * * LOW HITPOINT WARNING * * *
You are more poisoned.
* * * LOW HITPOINT WARNING * * *
You feel extremely sick.
You bump into the rock wall.
You feel very sick. Something hits you.
* * * LOW HITPOINT WARNING * * *
You are lethally poisoned!
* * * LOW HITPOINT WARNING * * *
You feel very sick.
It was a potion of degeneration.
There was something very wrong with that liquid.
You feel weakened.
You feel dopey.
You feel clumsy.
* * * LOW HITPOINT WARNING * * *
You feel very sick. Something hits you but does no damage.
You are more poisoned.
The orc wizard points at you and mumbles some strange words.
The magic dart hits you.
You die...

...#
##..)...................
..##
##.......................
..#
#........................
..##
##...###..........<.......
...#####...##
##.................
....##....##
##...........####..
#........##
##...........## ##.
##.......# ##.o..##.....##
#. ##.....##
##..{@####....# ##
##.....# ##)...## #....# #
#......###.>..## ##...## #
##..........).## ##....# #
#...)........## ##....## #
......).....## ##...### #
...#........# ##...## #
..###.......####...## #
.## ##.......#....## #


You could see an orc wizard.

Vanquished Creatures
  Menkaure (D:6)
  A hornet zombie (D:6)
  A sky beast (D:5)
  A centaur (D:5)
  A phantom (D:7)
  3 kobold brigands (Sewer)
  2 bullfrogs
  A scorpion (D:4)
  A gnoll sergeant (D:5)
  A wyvern skeleton (D:5)
  A bullfrog zombie (D:6)
  4 hounds
  Jessica (D:3)
  Ijyb (D:3)
  An iguana (D:7)
  An orc wizard (D:5)
  A killer bee zombie (D:7)
  A hound zombie (D:5)
  A hound skeleton (D:4)
  5 gnolls
  9 adders
  A shadow imp (D:7)
  2 ufetubi
  2 worms
  3 dart slugs
  11 orcs
  10 ball pythons
  7 endoplasms
  5 giant cockroaches
  7 goblins
  7 hobgoblins
  9 jackals
  12 kobolds
  3 quokkas
  5 bats
  4 frilled lizards
  14 rats
141 creatures vanquished.

Vanquished Creatures (others)
  10 fungi (D:5)
10 creatures vanquished.

Grand Total: 151 creatures vanquished

Notes
Turn   | Place    | Note
-------+----------+-------------------------------------------
     0 | D:1      | rdtalon the Troll Berserker began the quest for the Orb.
     0 | D:1      | Reached XP level 1. HP: 22/22 MP: 0/0
   201 | D:1      | Reached XP level 2. HP: 28/29 MP: 1/1
   211 | D:1      | Reached skill level 3 in Maces & Flails
   253 | D:1      | Found a faded altar of an unknown god.
   357 | D:1      | Reached XP level 3. HP: 36/36 MP: 2/2
   747 | D:1      | Reached ** piety under Trog
  1068 | D:2      | Reached XP level 4. HP: 26/45 MP: 3/3
  1223 | D:2      | HP: 3/67 [kobold (3)]
  1570 | D:3      | Noticed Jessica
  1575 | D:3      | Killed Jessica
  1576 | D:3      | Reached skill level 4 in Maces & Flails
  1576 | D:3      | Reached XP level 5. HP: 53/53 MP: 4/4
  1604 | D:3      | Found a white marble altar of Elyvilon.
  1830 | D:3      | Found a glowing drain.
  1844 | Sewer    | Entered a sewer
  1969 | Sewer    | Reached skill level 1 in Throwing
  1984 | Sewer    | Reached XP level 6. HP: 30/61 MP: 5/5
  2325 | D:3      | Noticed Ijyb
  2338 | D:3      | Killed Ijyb
  2675 | D:4      | Reached skill level 5 in Maces & Flails
  2736 | D:4      | Reached *** piety under Trog
  2862 | D:4      | Reached XP level 7. HP: 63/68 MP: 6/6
  3036 | D:4      | Found Kegi Cyot's General Store.
  3089 | D:4      | Bought 2 scrolls of noise for 20 gold pieces
  3309 | D:5      | Entered Level 5 of the Dungeon
  3552 | D:5      | Found a hazy altar of Hepliaklqana.
  3678 | D:5      | Reached skill level 6 in Maces & Flails
  4261 | D:6      | Reached XP level 8. HP: 16/79 MP: 7/7
  4513 | D:6      | Found a staircase to the Ecumenical Temple.
  4689 | D:6      | Reached **** piety under Trog
  4817 | D:6      | Noticed Menkaure
  4864 | D:6      | Killed Menkaure
  4865 | D:6      | Reached skill level 7 in Maces & Flails
  5289 | D:7      | Found a basalt altar of Yredelemnul.
  5327 | D:7      | Found a bloodstained altar of Trog.
  5342 | D:7      | Reached skill level 5 in Fighting
  5457 | D:6      | Reached skill level 5 in Dodging
  5481 | D:6      | HP: 2/80 [poisoned by an orc wizard]
  5481 | D:6      | Killed from afar by an orc wizard

Illustrated notes

Levels and vault maps discovered:
D:1:      nzn_arrival_depleted_hourglass, layout_loops_ring,
          hellmonk_ecumenical_altar_pennies_from_heaven,
          minmay_misc_feat_pillars, st_stairs_7, minmay_tromino_i4
D:2:      layout_rooms, minmay_unequal
D:3:      layout_loops_cross, mainiacjoe_overflow_tiny_flanked,
          portal_sewer_entry_c, supply_closet_lemuel, uniq_ijyb, uniq_jessica
D:4:      layout_gridville, minmay_misc_feat_doors, minmay_crystal_room,
          kennysheep_windowed_goal
D:5:      layout_loops_ring, mainiacjoe_overflow_paths, serial_aquarium,
          aquarium_bridge_square [aquarium_subvault_wall,
          aquarium_subvault_wall, aquarium_subvault_wall,
          aquarium_subvault_bridge], aquarium_window_corridor_3,
          aquarium_window_fake, aquarium_view_2d, aquarium_pool_five
D:6:      layout_layer_cave, minmay_temple_entry_antechambers, uniq_menkaure
D:7:      layout_cave_pools, mainiacjoe_overflow_alcove_4,
          mainiacjoe_overflow_alcove_2, mainiacjoe_overflow_large_starburst,
          moated_statue, chequers_serial_rivers_small_3

Skill      XL: |  1  2  3  4  5  6  7  8 |
---------------+-------------------------+-----
Maces & Flails | 3 4 5 6 7 |  7.3
Fighting       | 3 4 5 |  5.0
Dodging        | 3 4 5 |  5.0
Throwing       | 1 |  1.7

Action                   |  1- 3 |  4- 6 |  7- 9 || total
-------------------------+-------+-------+-------++-------
Melee: Mace              |    96 |       |       ||    96
       Flail             |    30 |   172 |   218 ||   420
Throw: Boomerang         |       |     1 |     1 ||     2
       Dart              |       |     3 |     1 ||     4
Invok: Trog's Hand       |       |     4 |     4 ||     8
       Berserk           |       |     3 |     3 ||     6
  Use: Potion            |       |       |     1 ||     1
Armor: Animal skin       |    50 |    50 |    72 ||   172
Dodge: Dodged            |    72 |   110 |   121 ||   303
